 Dungeon Crawl Stone Soup version 0.28.0-1-gb440e238dd (webtiles) character file.

Game seed: 8916356085304367910

6 theElss the Skirmisher (level 1, 0/14 HPs)
             Began as a Gargoyle Berserker on Feb 27, 2022.
             Was a Follower of Trog.
             Killed from afar by a dart slug (4 damage)
             ... with a slug dart
             ... on level 1 of the Dungeon.
             The game lasted 00:00:20 (48 turns).

theElss the Skirmisher (Gargoyle Berserker)           Turns: 48, Time: 00:00:20

Health: 0/14       AC:  4    Str: 20    XL:     1   Next: 90%
Magic:  1/1        EV: 12    Int:  7    God:    Trog [*.....]
Gold:   0          SH:  0    Dex:  9    Spells: 0/0 levels left

rFire   . . .      SeeInvis .   a - +0 mace
rCold   . . .      Faith    .   (no shield)
rNeg    + . .      Spirit   .   b - +0 animal skin
rPois   ∞          Reflect  .   (no helmet)
rElec   +          Harm     .   (no cloak)
rCorr   .          Rampage  .   (no gloves)
Will    .....                   (no boots)
Stlth   +.........              (no amulet)
HPRegen 0.04/turn               (no ring)
MPRegen 0.07/turn               (no ring)

@: on berserk cooldown, slowed, very slow
A: sickness immunity, AC +2, negative energy resistance 1, electricity
resistance, torment resistance 1, petrification resistance
a: Renounce Religion, Berserk


You were on level 1 of the Dungeon.
You worshipped Trog.
Trog was aware of your devotion.
You visited 1 branch of the dungeon, and saw 1 of its levels.

Inventory:

Hand Weapons
 a - a +0 mace (weapon)
Armour
 b - a +0 animal skin (worn)


   Skills:
 + Level 3.4 Fighting
 + Level 3.1 Maces & Flails
 + Level 2.3 Armour
 + Level 1.7 Dodging


You couldn't memorise any spells.
You didn't know any spells.
Your spell library was empty.

Dungeon Overview and Level Annotations

Branches:
Dungeon (1/15)

Altars:


Innate Abilities, Weirdness & Mutations

You are immune to sickness and miasma.
Your stone body is resilient. (AC +2)
You are immune to poison.
You resist negative energy. (rN+)
You are resistant to electric shocks. (rElec)
You are resistant to unholy torment.
You are immune to petrification.


Message History

Found a +0 dagger, a pair of runed gloves and a ring mail.
The goblin shouts!
A goblin comes into view. It is wielding a +0 dagger.
The hobgoblin moves out of view.
Things that are here:
a +0 war axe; a kobold corpse
Things that are here:
a +0 war axe; a kobold corpse A red film seems to cover your vision as you go berserk!
You feel yourself moving faster!
You feel mighty!
The hobgoblin shouts!
The goblin hits you but does no damage.
You barely miss the goblin. The goblin hits you with a +0 club.
You sock the goblin!
You kill the goblin!
Trog accepts your kill.
You sock the goblin!
You kill the goblin!
Trog accepts your kill.
Things that are here:
a +0 dagger of protection; a scroll labelled OCEFRI TOICKOASH; a +0 club You barely miss the goblin.
The goblin hits you with a +0 dagger.
You closely miss the goblin. The goblin hits you but does no damage.
You barely miss the goblin. The goblin hits you with a +0 dagger.
You completely miss the goblin. You closely miss the goblin.
The goblin hits you with a +0 dagger.
* * * LOW HITPOINT WARNING * * *
You thump the goblin!
You kill the goblin!
Trog accepts your kill.
You are no longer berserk.
You are exhausted.
You feel yourself slow down.
You sock the hobgoblin!
You kill the hobgoblin!
Trog accepts your kill.
A dart slug comes into view.
The dart slug launches a dart at you. The slug dart hits you.
You die...

#.# #.#
######.#
##......#
##..###..#
##...#)#..#
##..##)##..#
#...#)#....#
#@##....#
#.#.....##
#.##....##
..#.....##
w..#....##
#[[ #...##
## #..##


You could see a dart slug.

Vanquished Creatures
  A hobgoblin (D:1)
  A ball python (D:1)
  3 goblins (D:1)
  A kobold (D:1)
6 creatures vanquished.

Notes
Turn   | Place    | Note
-------+----------+-------------------------------------------
     0 | D:1      | theElss the Gargoyle Berserker began the quest for the Orb.
     0 | D:1      | Reached XP level 1. HP: 14/14 MP: 1/1
    48 | D:1      | Killed from afar by a dart slug

Illustrated notes

Levels and vault maps discovered:
D:1:      lightli_arrival_statuegarden, layout_rooms,
          shapermc_ecumenical_altar_flowoftime, kennysheep_another_room,
          minmay_misc_feat_alley, minmay_vboxes

Action                   || total
-------------------------++-------
Melee: Mace              ||    15
Invok: Berserk           ||     1
Armor: Animal skin       ||     3
Dodge: Dodged            ||     6
